[Event "IIFL Wealth  4th Mumbai Junior U-13"]
[Site "Mumbai"]
[Date "2019.01.02"]
[Round "4"]
[White "Medhansh Rathi"]
[Black "Vihaan Dumir"]
[Result "1-0"]
[ECO "C10"]
[WhiteElo "1194"]
[BlackElo "1013"]
[Annotator "NA RC"]
[PlyCount "95"]
[EventDate "2018.12.30"]
[EventType "swiss"]
[EventCountry "IND"]
[SourceTitle "playchess.com"]
[Source "ChessBase"]
[SourceQuality "1"]
[TimeControl "40/5400+30:1800+30"]

1. e4 e6 2. d4 d5 3. Nc3 dxe4 4. Nxe4 Bd7 5. Nf3 Bc6 6. Bd3 Nd7 7. O-O Ngf6 8. Nxf6+ Nxf6 9. c3 Bxf3 10. Qxf3 c6 11. Bg5 Be7 12. Rad1 O-O 13. Bc2 Qd5 14. Qxd5 cxd5 15. h3 h6 16. Bf4 Rfd8 17. Rfe1 Bd6 18. Bh2 Rac8 19. Bd3 Bxh2+ 20. Kxh2 Nd7 21. Kg3 Kf8 22. Re3 Ke7 23. f4 Kf6 24. Rf1 a6 25. f5 e5 26. dxe5+ Nxe5 27. Kf4 Nd7 28. Kg3 Ne5 29. Kf4 Re8 30. g4 g6 31. fxg6 Nxg6+ 32. Bxg6 fxg6 33. Kg3+ Kg7 34. Rfe1 Kf7 35. Rxe8 Rxe8 36. Rxe8 Kxe8 37. Kf4 h5 38. gxh5 gxh5 39. Kg5 b6 40. Kxh5 b5 41. b4 Ke7 42. Kg5 Kf7 43. h4 Kg7 44. h5 Kg8 45. h6 Kf8 46. h7 Kg7 47. h8=Q+ Kxh8 48. Kf5 1-0

[Event "IIFL Wealth  4th Mumbai Junior U-13"]
[Site "Mumbai"]
[Date "2019.01.02"]
[Round "4"]
[White "Gosrani, Reeyan"]
[Black "Vittanala Shanmuk Saish"]
[Result "0-1"]
[ECO "B90"]
[WhiteElo "1190"]
[BlackElo "1005"]
[Annotator "NA"]
[PlyCount "51"]
[EventDate "2018.12.30"]
[EventType "swiss"]
[EventCountry "IND"]
[SourceTitle "playchess.com"]
[Source "ChessBase"]
[SourceQuality "1"]
[TimeControl "40/5400+30:1800+30"]

1. e4 c5 2. Nf3 d6 3. d4 cxd4 4. Nxd4 Nf6 5. Nc3 a6 6. Be3 e6 7. Bd3 Be7 8. O-O Nbd7 9. Qe2 Qc7 10. Rad1 O-O 11. f4 b5 12. Qf3 Bb7 13. Qg3 b4 14. Nce2 Nxe4 15. Bxe4 Bxe4 16. f5 e5 17. f6 Bxf6 18. Rxf6 Nxf6 19. Bh6 Nh5 20. Qg4 Bg6 21. Be3 exd4 22. Nxd4 Rfe8 23. Bf2 Nf6 24. Qf4 Re4 25. Qd2 Nd5 26. Nf3 0-1

[Event "IIFL Wealth  4th Mumbai Junior U-13"]
[Site "Mumbai"]
[Date "2019.01.02"]
[Round "4"]
[White "Aarna Chugh"]
[Black "Sawalakhe Jay"]
[Result "1-0"]
[ECO "A45"]
[WhiteElo "1164"]
[BlackElo "1273"]
[Annotator "NA"]
[PlyCount "105"]
[EventDate "2018.12.30"]
[EventType "swiss"]
[EventCountry "IND"]
[SourceTitle "playchess.com"]
[Source "ChessBase"]
[SourceQuality "1"]
[TimeControl "40/5400+30:1800+30"]

1. d4 Nf6 2. Bf4 e6 3. e3 b6 4. Nf3 Be7 5. Bd3 Bb7 6. Nbd2 d6 7. c3 Nbd7 8. h3 O-O 9. O-O c5 10. Nc4 Qc7 11. Qe2 Nd5 12. Bh2 b5 13. Ncd2 c4 14. Bc2 g6 15. e4 N5b6 16. Rfe1 Rfe8 17. Rad1 Rad8 18. Qe3 f6 19. e5 dxe5 20. dxe5 f5 21. Nd4 Bf8 22. N2f3 a6 23. Bf4 Nd5 24. Qd2 Nc5 25. Bg5 Rd7 26. Qe2 h6 27. Bd2 Rf7 28. Nh4 g5 29. Ng6 Bg7 30. Qh5 Nb6 31. h4 g4 32. Bxh6 Bxh6 33. Qxh6 Rh7 34. Qg5 Rg7 35. h5 Qf7 36. Qh4 Nd5 37. Ne2 a5 38. Nef4 b4 39. Nxd5 Bxd5 40. Nf4 b3 41. axb3 cxb3 42. Bb1 Be4 43. h6 Rh7 44. Qg5+ Kh8 45. Ng6+ Kg8 46. Rd8 Nd7 47. Rxe8+ Qxe8 48. Ne7+ Kh8 49. Ng6+ Kg8 50. Bxe4 fxe4 51. Rxe4 Nf8 52. Ne7+ Kh8 53. Qf6+ {Kg8 Qg5+ Nd7 Ng6} 1-0

[Event "IIFL Wealth  4th Mumbai Junior U-13"]
[Site "Mumbai"]
[Date "2019.01.02"]
[Round "4"]
[White "Dabhade Arnav"]
[Black "Tambe Shardul"]
[Result "1/2-1/2"]
[ECO "B13"]
[WhiteElo "1064"]
[BlackElo "1250"]
[Annotator "NA"]
[PlyCount "81"]
[EventDate "2018.12.30"]
[EventType "swiss"]
[EventCountry "IND"]
[SourceTitle "playchess.com"]
[Source "ChessBase"]
[SourceQuality "1"]
[TimeControl "40/5400+30:1800+30"]

1. e4 c6 2. d4 d5 3. exd5 cxd5 4. Bd3 Nc6 5. c3 Nf6 6. Nf3 Bg4 7. Bf4 e6 8. Nbd2 Bd6 9. Bxd6 Qxd6 10. Qc2 O-O 11. O-O Bxf3 12. Nxf3 Rfe8 13. Rfe1 Rac8 14. a3 h6 15. h3 a6 16. Rad1 b5 17. Qb1 Na5 18. Ne5 Nc4 19. Nxc4 bxc4 20. Bc2 Rb8 21. Re5 Rb7 22. Qa2 Reb8 23. Rb1 Qc7 24. Re3 Rb6 25. b4 cxb3 26. Rxb3 Rxb3 27. Bxb3 Qb6 28. Bc2 Qb2 29. Qxb2 Rxb2 30. Re2 Kf8 31. Kf1 Ke7 32. Ke1 a5 33. Kd1 Kd6 34. Kc1 Rb6 35. a4 Rc6 36. Kd2 Nd7 37. Bd3 Nb6 38. Bb5 Nc4+ 39. Kd3 Rc7 40. f4 g6 41. g3 {[%emt 0:06:57] Ke5 Ke4+} 1/2-1/2

[Event "IIFL Wealth  4th Mumbai Junior U-13"]
[Site "Mumbai"]
[Date "2019.01.02"]
[Round "4"]
[White "Sri Rashmika M"]
[Black "Zaif, Khandkar"]
[Result "1-0"]
[ECO "D53"]
[WhiteElo "1039"]
[BlackElo "1283"]
[Annotator "NA RC"]
[PlyCount "115"]
[EventDate "2018.12.30"]
[EventType "swiss"]
[EventCountry "IND"]
[SourceTitle "playchess.com"]
[Source "ChessBase"]
[SourceQuality "1"]
[TimeControl "40/5400+30:1800+30"]

1. d4 d5 2. c4 e6 3. Nc3 Nf6 4. Bg5 Be7 5. e3 h6 6. Bh4 Nc6 7. Nf3 a6 8. cxd5 exd5 9. a3 Bf5 10. Bd3 Bxd3 11. Qxd3 Qd6 12. Bg3 Qd7 13. Rc1 Nh5 14. Qc2 Nxg3 15. hxg3 Bf6 16. Na4 Rc8 17. Nc5 Qg4 18. Nxb7 Ne7 19. Qa4+ Kf8 20. Qxa6 Kg8 21. Qe2 Qg6 22. Qc2 Qg4 23. Nc5 Rd8 24. Nd3 c6 25. Nde5 Bxe5 26. Nxe5 Qe4 27. Qxe4 dxe4 28. Nxc6 Nxc6 29. Rxc6 Rb8 30. b4 Ra8 31. Rc3 Kh7 32. Kd2 Ra4 33. Ra1 Kg6 34. Rc5 Rha8 35. Rc3 Kg5 36. Kc2 Kg4 37. Kb3 g5 38. Rc6 h5 39. Rf6 R8a7 40. Ra2 h4 41. gxh4 Kxh4 42. Rh6+ Kg4 43. Rh7 f5 44. Rxa7 Rxa7 45. a4 f4 46. b5 Kh4 47. a5 g4 48. b6 Ra8 49. Kb4 g3 50. fxg3+ Kxg3 51. exf4 Kxf4 52. Re2 e3 53. b7 Rd8 54. Kc5 Ke4 55. a6 Rxd4 56. b8=Q Rd5+ 57. Kc6 Re5 58. Qxe5+ {[%emt 0:00:36] Kd5+} 1-0

[Event "IIFL Wealth  4th Mumbai Junior U-13"]
[Site "Mumbai"]
[Date "2019.01.02"]
[Round "4"]
[White "Borate Tanvi"]
[Black "Shah Viha"]
[Result "1/2-1/2"]
[ECO "B85"]
[WhiteElo "1035"]
[BlackElo "1212"]
[Annotator "NA"]
[PlyCount "69"]
[EventDate "2018.12.30"]
[EventType "swiss"]
[EventCountry "IND"]
[SourceTitle "playchess.com"]
[Source "ChessBase"]
[SourceQuality "1"]
[TimeControl "40/5400+30:1800+30"]

1. e4 c5 2. Nf3 d6 3. d4 cxd4 4. Nxd4 Nf6 5. Nc3 a6 6. Be2 Nbd7 7. O-O e6 8. Be3 Qc7 9. f4 b5 10. a3 Bb7 11. Bd3 Nc5 12. Qf3 Nxd3 13. cxd3 Rc8 14. Rac1 Qd8 15. Qg3 Nh5 16. Qg4 Nf6 17. Qg3 h5 18. h3 h4 19. Qf3 Nh5 20. Nde2 Be7 21. d4 Nf6 22. f5 exf5 23. Qxf5 Qd7 24. Qf3 Bd8 25. d5 Rc4 26. Nd4 Nh5 27. Nde2 Nf6 28. Nd4 Nh5 29. Nde2 Nf6 30. Nd4 Nh5 31. Nde2 Nf6 32. Nd4 Nh5 33. Nde2 Nf6 34. Nd4 Nh5 35. Nde2 1/2-1/2

[Event "IIFL Wealth  4th Mumbai Junior U-13"]
[Site "Mumbai"]
[Date "2019.01.02"]
[Round "4"]
[White "Jain Hitansh"]
[Black "Sathi Akshaj Mayank"]
[Result "*"]
[ECO "A10"]
[WhiteElo "1008"]
[BlackElo "1194"]
[Annotator "NA"]
[PlyCount "28"]
[EventDate "2018.12.30"]
[EventType "swiss"]
[EventCountry "IND"]
[SourceTitle "playchess.com"]
[Source "ChessBase"]
[SourceQuality "1"]
[TimeControl "40/5400+30:1800+30"]

1. c4 d5 2. cxd5 Qxd5 3. Nc3 Qd8 4. Nf3 Nf6 5. d4 Bg4 6. Bf4 e6 7. e3 a6 8. Bc4 Be7 9. O-O O-O 10. h3 Bh5 11. Rc1 Nc6 12. Ne2 Bxf3 13. gxf3 Nd5 14. Bg3 Nf6 *

[Event "IIFL Wealth  4th Mumbai Junior U-13"]
[Site "Mumbai"]
[Date "2019.01.02"]
[Round "4"]
[White "Jain Hitansh"]
[Black "Sathi Akshaj Mayank"]
[Result "0-1"]
[ECO "A10"]
[WhiteElo "1008"]
[BlackElo "1194"]
[Annotator "NA"]
[PlyCount "22"]
[EventDate "2018.12.30"]
[EventType "swiss"]
[EventCountry "IND"]
[SourceTitle "playchess.com"]
[Source "ChessBase"]
[SourceQuality "1"]
[TimeControl "40/5400+30:1800+30"]

1. c4 d5 2. cxd5 Qxd5 3. Nc3 Qd8 4. Nf3 Nf6 5. d4 Bg4 6. Bf4 e6 7. e3 a6 8. Bc4 Be7 9. O-O O-O 10. Rc1 Bh5 11. Ne2 Nc6 0-1